 Dungeon Crawl Stone Soup version 0.17.2-1-ge4368a0 (webtiles) character file.

1495 Goblin1989 the Basher (level 8, 0/58 HPs)
             Began as a Demonspawn Fighter on Oct 12, 2016.
             Succumbed to a scorpion's poison
             ... on level 6 of the Dungeon on Oct 13, 2016.
             The game lasted 00:13:33 (5682 turns).

Goblin1989 the Basher (Demonspawn Fighter)          Turns: 5682, Time: 00:13:33

Health: 0/58       AC: 10    Str: 22    XL:     8   Next: 51%
Magic:  8/8        EV:  7    Int: 10    God:
Gold:   284        SH:  9    Dex: 12    Spells: 0 memorised, 7 levels left

rFire  . . .     SeeInvis .     a - +0 flail
rCold  . . .     Clarity  .     b - +0 scale mail
rNeg   . . .     SustAt   .     c - +0 shield
rPois  .         Gourm    .     (no helmet)
rElec  .         Spirit   .     (no cloak)
rCorr  .         Warding  .     (no gloves)
rMut   .         Stasis   .     (no boots)
MR     .....                    (no amulet)
Stlth  ..........               (no ring)
                                v - +4 ring of strength

@: lethally poisoned (0 -> -1), not resistant to hostile enchantments, extremely
unstealthy
A: hooves 2, rough black scales 1, demonic guardian 1
a: no special abilities


You were on level 6 of the Dungeon.
You were not hungry.

You visited 1 branch of the dungeon, and saw 6 of its levels.

You collected 284 gold pieces.

Inventory:

Hand Weapons
 a - a +0 flail (weapon)
Missiles
 Z - a throwing net (quivered)
Armour
 b - a +0 scale mail (worn)
 c - a +0 shield (worn)
Jewellery
 v - a +4 ring of strength (left hand)
Wands
 s - a wand of frost (15)
Scrolls
 f - 9 scrolls of identify {unknown}
 j - 5 scrolls of remove curse {unknown}
 k - a scroll of fear {unknown}
 m - 2 scrolls of teleportation {unknown}
 r - a scroll of blinking {unknown}
 x - a scroll of immolation {unknown}
 y - a scroll of noise {unknown}
 A - a scroll of fog {unknown}
Potions
 d - a potion of heal wounds {unknown}
 g - 2 potions of curing {unknown}
 l - 2 potions of poison {unknown}
 n - a potion of mutation {unknown}
 o - 2 potions of magic
 p - a potion of cure mutation {unknown}
 q - a potion of haste {unknown}
 u - a potion of invisibility {unknown}
 w - 2 potions of lignification {unknown}
Comestibles
 e - 5 bread rations {@e1}
 h - 2 beef jerkies
 i - 4 meat rations {@e2}
 t - a slice of pizza


   Skills:
 - Level 3.0 Fighting
 + Level 9.9 Maces & Flails
 - Level 2.6 Armour
 - Level 2.6 Shields


You had 7 spell levels left.
You didn't know any spells.

Dungeon Overview and Level Annotations

Branches:
Dungeon (6/15)
 Temple: D:4-7

Altars:
Ashenzari
Cheibriados
Fedhas
Qazlal
Zin
The Shining One

Shops:
D:6 %(


Innate Abilities, Weirdness & Mutations

You have hoof-like feet.
You are partially covered in rough black scales (AC +4, Dex -1).
A weak demonic guardian rushes to your aid.


Message History

The ice beast barely misses you.
Your white imp hits the ice beast but does no damage.
The quokka zombie bites you but does no damage.
You barely miss the ice beast. Your kick misses the ice beast.
The ice beast is almost dead.
Your white imp disappears in a puff of smoke!
The ice beast hits you. The ice beast freezes you!
* * * LOW HITPOINT WARNING * * *
The quokka zombie barely misses you.
The ice beast hits you but does no damage.
You take 14 damage, and have 13/58 hp.
MASSIVE DAMAGE!!
You closely miss the ice beast.
The ice beast is almost dead.
The quokka zombie bites you but does no damage.
The ice beast hits you.
* * * LOW HITPOINT WARNING * * *
The ice beast freezes you!
* * * LOW HITPOINT WARNING * * *
You take 12 damage, and have 1/58 hp.
MASSIVE DAMAGE!!
You die...

ਜ..... $. ...ਜ..
.... ਜ...$.. ....
..ਜ.... ਜ
..:ਜਜਜਜਜ.......
ਜ.ਜਜ...%.........
.........Y.ਜ....
ਜ.ਜਜ....Z.ਜ......
....$....@ਜ...ਜ[.
..ਜ......ਜ......
ਜ.........ਜ
ਜ.......ਜਜਜ
ਜ........ਜ
ਜ......ਜ.ਜਜ .ਜ
ਜਜਜਜਜਜਜਜ..ਜ ਜ.ਜ
ਜਜ.ਜਜ


ਜ)ਜਜਜਜਜ ਜ.(ਜ ਜ.....▲ You could see an ice beast and a quokka zombie.

Vanquished Creatures
  Sigmund (D:5)
  2 ice beasts (D:6)
  A centaur (D:5)
  2 ogres
  The ghost of Goblin1989 the Cudgeler, an amateur GrBe of Trog (D:3)
  2 giant frogs (D:6)
  3 scorpions
  A centaur zombie (D:6)
  2 crimson imps (D:6)
  5 hounds
  An orc priest (D:5)
  A worker ant (D:5)
  A giant frog skeleton (D:4)
  7 adders
  An adder zombie (D:6)
  2 oozes
  3 worms
  3 giant geckos
  3 orcs
  2 giant cockroaches
  9 hobgoblins
  14 jackals
  6 kobolds
  3 quokkas (D:2)
  3 ball pythons (D:3)
  A ball python skeleton (D:4)
  5 bats
  5 giant newts
  5 goblins
  5 rats
100 creatures vanquished.

Vanquished Creatures (collateral kills)
  A phantom (D:4)
  A sky beast (D:5)
  A crimson imp (D:6)
  An orc (D:5)
  A giant cockroach (D:6)
  2 jackals (D:6)
  A quokka (D:4)
  A bat (D:3)
  A giant newt (D:3)
10 creatures vanquished.

Grand Total: 110 creatures vanquished

Notes
Turn   | Place    | Note
--------------------------------------------------------------
     0 | D:1      | Goblin1989 the Demonspawn Fighter began the quest for the Orb.
     0 | D:1      | Reached XP level 1. HP: 18/18 MP: 1/1
     2 | D:1      | Noticed a minotaur
     2 | D:1      | Noticed an elf
     4 | D:1      | Noticed a tengu
     4 | D:1      | Noticed a demonspawn
     6 | D:1      | Noticed a troll
     8 | D:1      | Noticed a gargoyle
    10 | D:1      | Noticed a felid
    10 | D:1      | Noticed an ogre
    12 | D:1      | Noticed a merfolk
    12 | D:1      | Noticed a spriggan
    14 | D:1      | Noticed a draconian
    14 | D:1      | Noticed an octopode
    16 | D:1      | Noticed a dwarf
    16 | D:1      | Noticed a formicid
    18 | D:1      | Noticed a ghoul
    18 | D:1      | Noticed a vine stalker
    20 | D:1      | Noticed a naga
    22 | D:1      | Noticed a vampire
    22 | D:1      | Noticed a centaur
    24 | D:1      | Noticed a human
    26 | D:1      | Noticed a demigod
   184 | D:1      | Gained mutation: A weak demonic guardian rushes to your aid. [demonic ancestry]
   184 | D:1      | Reached XP level 2. HP: 20/24 MP: 2/2
   553 | D:1      | Found a snail-covered altar of Cheibriados.
  1045 | D:2      | Found a glowing silver altar of Zin.
  1210 | D:2      | Gained mutation: You are partially covered in rough black scales (AC +4, Dex -1). [demonic ancestry]
  1210 | D:2      | Reached XP level 3. HP: 27/29 MP: 3/3
  1534 | D:2      | Found a shattered altar of Ashenzari.
  2020 | D:3      | Reached XP level 4. HP: 18/35 MP: 4/4
  2181 | D:3      | Reached skill level 4 in Maces & Flails
  2252 | D:3      | Noticed Goblin1989's ghost (amateur GrBe)
  2264 | D:3      | Killed Goblin1989's ghost
  2678 | D:3      | Reached XP level 5. HP: 41/41 MP: 5/5
  2745 | D:3      | Found a stormy altar of Qazlal.
  2869 | D:3      | Reached skill level 5 in Maces & Flails
  3059 | D:4      | Noticed a phantom
  3093 | D:4      | Killed a phantom
  3201 | D:4      | Gained mutation: You have large cloven feet. [demonic ancestry]
  3201 | D:4      | Reached XP level 6. HP: 47/47 MP: 6/6
  3278 | D:4      | Found a blossoming altar of Fedhas.
  3308 | D:4      | Noticed an ogre
  3325 | D:4      | Reached skill level 6 in Maces & Flails
  3333 | D:4      | Killed an ogre
  3844 | D:5      | Entered Level 5 of the Dungeon
  3923 | D:5      | Reached skill level 7 in Maces & Flails
  3923 | D:5      | Reached XP level 7. HP: 52/52 MP: 7/7
  4287 | D:5      | Noticed Sigmund
  4309 | D:5      | Killed Sigmund
  4581 | D:5      | Reached skill level 8 in Maces & Flails
  4870 | D:5      | Found a glowing golden altar of the Shining One.
  4987 | D:6      | Found Unkoere's Weapon Shop.
  5142 | D:6      | Gained mutation: You have hoof-like feet. [demonic ancestry]
  5142 | D:6      | Reached XP level 8. HP: 37/58 MP: 8/8
  5154 | D:6      | Reached skill level 9 in Maces & Flails
  5378 | D:6      | Found Kuhoitin's Food Emporium.
  5681 | D:6      | HP: 1/58 [ice beast (11)]
  5682 | D:6      | Succumbed to a scorpion's poison

Action                   |  1- 3 |  4- 6 |  7- 9 || total
-------------------------+-------+-------+-------++-------
Melee: Flail             |   185 |   143 |   177 ||   505
  Use: Potion            |       |     2 |     1 ||     3
 Stab: Distracted        |       |     1 |       ||     1
  Eat: Chunk             |     3 |     6 |     5 ||    14
       Pizza             |       |       |     1 ||     1

Vault maps used:
D:1:      kb_arrival_jail, minivault_19, cheibriados_altar_1
D:2:      zin_scriptorium, first_bread, serial_bayou_pond_d, ashenzari_altar_1
D:3:      grunt_qazlal_sundering
D:4:      fedhas_altar_3
D:5:      tso_metal_star, uniq_sigmund
D:6:      serial_shops, shop, shop, nicolae_shop_waterfront,
          nicolae_shop_behind_doors, shop_coins, minmay_misc_feat_plants
